 Dungeon Crawl Stone Soup version 0.27-a0-1189-gb8eb6cee8e (webtiles) character file.

Game seed: 4802446323795735023

30673 Zonian the Covert (level 13, -4/79 HPs)
             Began as an Octopode Transmuter on May 22, 2021.
             Was a High Priest of Hepliaklqana.
             Slain by a cacodemon (7 damage)
             ... in a Gauntlet.
             The game lasted 00:59:02 (20603 turns).

Zonian the Covert (Octopode Transmuter)            Turns: 20603, Time: 00:59:02

Health: -4/79      AC:  5    Str: 13    XL:     13   Next: 53%
Magic:  0/34       EV: 18    Int: 22    God:    Hepliaklqana [*****.]
Gold:   1053       SH:  0    Dex: 23    Spells: 4/28 levels left

rFire    + . .     SeeInvis +   j - +4 dagger (elec)
rCold    x . .     Faith    .   (no shield)
rNeg     . . .     Spirit   +   (helmet restricted)
rPois    +         Reflect  .   v - amulet of guardian spirit
rElec    .         Harm     .   h - ring of poison resistance
rCorr    +         Rampage  .   d - ring of magical power
Will     +....     NoTele   +   s - +6 ring of dexterity
Stlth    +++++++...             t - +4 ring of protection
HPRegen  0.23/turn              u - ring of the Open Hand {Will+ rCorr Int+6 Dex+2 Stlth+}
MPRegen  0.24/turn              A - ring "Irrimeaj" {Wiz rPois Dex+2}
                                q - ring of see invisible
                                l - ring of fire

@: no status effects
A: reduced essence, almost no armour, amphibious, 8 rings, camouflage 1,
gelatinous body 1, (nimble swimmer 1), tentacles
a: Renounce Religion, Recall Ancestor, Ancestor Identity, Transference, Idealise


You were in a Gauntlet.
You worshipped Hepliaklqana.
Hepliaklqana was extremely pleased with you.
You visited 2 branches of the dungeon, and saw 15 of its levels.
You also visited: Bailey and Gauntlet.

You collected 1053 gold pieces.

Inventory:

Hand Weapons
 a - a +4 hunting sling
 j - a +4 dagger of electrocution (weapon)
 r - a +0 scimitar of flaming
 y - a +3 war axe of freezing
 B - a +2 morningstar of freezing
Missiles
 w - 21 sling bullets
 z - 11 boomerangs of dispersal
Magical Staves
 G - a staff of conjuration
Jewellery
 d - a ring of magical power (right tentacle)
 f - an amulet of faith
 g - an amulet of regeneration
 h - a ring of poison resistance (left tentacle)
 l - a ring of fire (on tentacle)
 q - a ring of see invisible (on tentacle)
 s - a +6 ring of dexterity (on tentacle)
 t - a +4 ring of protection (on tentacle)
 u - the ring of the Open Hand (on tentacle) {Will+ rCorr Int+6 Dex+2 Stlth+}
   (You acquired it in a bailey)

   [ring of intelligence]

   It affects your intelligence (+6).
   It affects your dexterity (+2).
   It protects you from acid and corrosion.
   It increases your willpower.
   It makes you more stealthy.
 v - an amulet of guardian spirit (around mantle)
 A - the ring "Irrimeaj" (on tentacle) {Wiz rPois Dex+2}
   (You acquired it on level 8 of the Dungeon)

   [ring of wizardry]

   It improves your spell success rate.
   It affects your dexterity (+2).
   It protects you from poison.
 L - the ring "Otrynloug" {Will+ rCorr Str+4 Dex-5 Stlth+}
   (You found it in a Gauntlet)

   [ring of willpower]

   It affects your strength (+4).
   It affects your dexterity (-5).
   It protects you from acid and corrosion.
   It increases your willpower.
   It makes you more stealthy.
Wands
 C - a wand of charming (5)
 I - a wand of paralysis (6)
Scrolls
 b - 2 scrolls of amnesia
 c - 4 scrolls of teleportation
 o - a scroll of magic mapping
 p - 2 scrolls of identify
 D - 2 scrolls of enchant armour
 H - a scroll of summoning {unknown}
 J - a scroll of fog
Potions
 e - a potion of cancellation
 i - 2 potions of resistance
 m - a potion of flight
 x - 3 potions of brilliance
 E - a potion of might
 K - 2 potions of lignification


   Skills:
 * Level 7.7 Fighting
 + Level 6.4 Short Blades
 + Level 7.1 Dodging
 + Level 11.5 Stealth
 + Level 7.1 Unarmed Combat
 + Level 8.0 Spellcasting
 + Level 9.0 Conjurations
 + Level 3.7 Translocations
 + Level 6.3 Transmutations
 + Level 8.1 Poison Magic
 + Level 5.0 Invocations
 - Level 0.6 Evocations


You had 4 spell levels left.
You knew the following spells:

 Your Spells              Type           Power      Damage    Failure   Level
a - Beastly Appendage     Tmut           72%        N/A       1%          1
b - Magic Dart            Conj           100%       1d8       1%          1
c - Searing Ray           Conj           96%        3d7       1%          2
d - Spider Form           Tmut/Pois      20%        N/A       1%          3
e - Iskenderun's Battles  Conj           48%        2d10      1%          5
f - Iskenderun's Mystic   Conj/Tloc      36%        2d9       2%          4
g - Mephitic Cloud        Conj/Pois/Air  33%        N/A       1%          3
h - Hydra Form            Tmut           18%        N/A       6%          5

Your spell library contained the following spells:

 Spells                   Type           Power      Damage    Failure   Level
 Poisonous Vapours        Pois/Air       52%        N/A       1%          2
 Wereblood                Tmut           36%        N/A       1%          2
 Conjure Flame            Conj/Fire      42%        6-21      1%          3
 Dazzling Flash           Conj/Hex       56%        N/A       1%          3
 Animate Skeleton         Necr           16%        N/A       3%          1
 Pain                     Necr           32%        1d5       3%          1
 Summon Small Mammal      Summ           32%        N/A       3%          1
 Call Imp                 Summ           8%         N/A       4%          2
 Fulminant Prism          Conj/Hex       14%        3d9       4%          4
 Call Canine Familiar     Summ           8%         N/A       9%          3
 Summon Guardian Golem    Hex/Summ       8%         N/A       9%          3
 Vampiric Draining        Necr           4%         2d6       9%          3
 Ice Form                 Ice/Tmut       22%        N/A       9%          4
 Animate Dead             Necr           4%         N/A       28%         4
 Summon Ice Beast         Ice/Summ       8%         N/A       28%         4
 Summon Lightning Spire   Summ/Air       8%         N/A       28%         4
 Bolt of Magma            Conj/Fire/Erth 16%        4d9       24%         5
 Summon Forest            Summ/Tloc      8%         N/A       34%         5
 Orb of Destruction       Conj           24%        9d10      50%         7
 Iron Shot                Conj/Erth      14%        9d4       54%         6
 Agony                    Necr           8%         N/A       58%         5
 Summon Mana Viper        Hex/Summ       8%         N/A       58%         5
 Freezing Cloud           Conj/Ice/Air   11%        6-21      75%         6
 Shadow Creatures         Summ           N/A        N/A       98%         6
 Simulacrum               Ice/Necr       4%         N/A       98%         6
 Spellforged Servitor     Conj/Summ      14%        N/A       98%         7
 Ozocubu's Refrigeration  Ice            4%         4d5       100%        7
 Summon Hydra             Summ           4%         N/A       100%        7


Dungeon Overview and Level Annotations

Branches:
Dungeon (10/15)            Temple (0/1) D:5            Lair (5/6) D:10
 Shoals (0/4) Lair:2        Snake (0/4) Lair:3          Orc (0/2) D:9
 Bailey (visited)         Gauntlet (1/1)
  Slime: Lair:5-6

Altars:
Fedhas
Gozag
Hepliaklqana
Makhleb
Qazlal
Ru
Sif Muna
Uskayaw
Vehumet
Wu Jian
Yredelemnul
The Shining One
Beogh

Annotations:
D:4 3 runed translucent doors, bande's ghost, amateur GrFi
Lair:4 exclusion: oklob plant Gauntlet 7 transporters, 21 runed translucent doors


Innate Abilities, Weirdness & Mutations

Your life essence is reduced to manifest your ancestor. (-10% HP)
You cannot wear most types of armour.
You are amphibious.
You can wear up to eight rings at the same time.
Your skin changes colour to match your surroundings (Stealth+).
Your rubbery body absorbs attacks. (AC +1, EV +1)
((You are camouflaged near water. (Stealth+)))
You have tentacles for arms and can constrict up to eight enemies at once.


Message History

The cacodemon is knocked back by the mystic blast.
The cacodemon slams into the translucent stone wall!
Casting: Beastly Appendage (safe; 1% risk of failure)
Press: ? - help, Q - select action, (/) - cycle Dir - look around, f - activate
Okay, then.
Throw: 12 boomerangs (disperse)
Press: ? - help, Q - select action, (/) - cycle Shift-Dir - straight line, f/p - cacodemon
Aim: a cacodemon (heavily wounded, 66% to hit)
You throw a boomerang of dispersal.
The boomerang of dispersal hits the cacodemon.
The cacodemon blinks!
The cacodemon is heavily wounded.
The cacodemon hits you.
* * * LOW HITPOINT WARNING * * *
The cacodemon barely misses you.
Blink to where?
Press: ? - help, Dir - move target, p - cacodemon
As you read the scroll of blinking, it crumbles to dust.
You enter the transporter and appear at another place.
The great orb of eyes turns its gaze towards you.
The cacodemon misses you. The cacodemon hits you!
* * * LOW HITPOINT WARNING * * *
You feel better. The cacodemon hits you.
* * * LOW HITPOINT WARNING * * *
The cacodemon closely misses you.
Okay, then.
Okay, then.
You hit the cacodemon. You squeeze the cacodemon.
The cacodemon is heavily wounded.
The cacodemon completely misses you. The cacodemon misses you.
You hit the cacodemon but do no damage. You squeeze the cacodemon.
The cacodemon is heavily wounded.
You hit the cacodemon but do no damage. You squeeze the cacodemon.
The cacodemon is heavily wounded.
The cacodemon completely misses you. The cacodemon hits you!
* * * LOW HITPOINT WARNING * * *
You barely miss the cacodemon.
The cacodemon is heavily wounded.
The cacodemon misses you. The cacodemon hits you!
You die...

#########################
.......§§§§............§###
........§...............#8#
########...###########..###
.)©?=..#...#..=}©$...#..#
....YYY#...#.^.....^.#..###
#+++#YY#...#^#######.#..#8#
#...#++#...#.#.#.#.#.#..###
+...+..#...#....@.uG.#..#
+...+..#...##.#2#.#.##..###
#+#+#++#...#.#######.#..#8#
+...+..#...#.........#..###
+.©.+..#...#....u....#..#
########...###########..###
#.©.#....≈....#.©.#.....#8#
#...#...≈8§...#...#.8...###
#.©.#....≈....#.©.#.....#


You could see a cacodemon, a great orb of eyes and a cyan ugly thing.

Vanquished Creatures
  3 hydras
  A two-headed ogre (D:8)
  An orc high priest (Bailey)
  A deep elf pyromancer (D:10)
  An orc knight (D:10)
  An oklob plant (D:10)
  2 elephants (Lair:4)
  2 manticores
  5 black mambas
  3 cane toads
  An efreet (D:10)
  3 komodo dragons (Lair:1)
  A tengu conjurer (D:10)
  A meliai (D:10)
  A wind drake (Lair:2)
  2 polar bears
  Prince Ribbit (D:5)
  6 dream sheep (Lair:4)
  3 blink frogs (Lair:3)
  A wraith (D:10)
  3 fire bats (Gauntlet)
  6 yaks
  A wyvern (D:10)
  2 steam dragons (D:8)
  3 basilisks
  2 nagas (Lair:3)
  Edmund (D:4)
  10 water moccasins
  9 orc warriors
  2 black bears
  An ogre (D:5)
  A necrophage (D:7)
  2 wolves (Lair:3)
  A centaur (D:9)
  A phantom (D:5)
  A lemure (D:5)
  3 kobold brigands
  Blork the orc (D:5)
  11 bullfrogs
  A wyvern zombie (D:8)
  A scorpion (D:6)
  A water moccasin zombie (D:5)
  4 killer bees (D:8)
  4 wights
  2 electric eels
  A hound (D:5)
  A jelly (D:7)
  A gnoll shaman (D:8)
  4 centaur zombies
  An iguana (D:5)
  2 orc wizards
  A gnoll (Bailey)
  An adder (D:4)
  A howler monkey skeleton (D:7)
  A shadow imp (D:7)
  An adder skeleton (D:4)
  2 dart slugs
  A worm (D:2)
  13 orcs
  5 ball pythons
  3 bats (D:1)
  4 endoplasms
  2 giant cockroaches
  9 goblins
  4 hobgoblins
  3 jackals
  17 kobolds
  5 quokkas
  A rat (D:1)
198 creatures vanquished.

Vanquished Creatures (collateral kills)
  Harold (D:9)
  2 two-headed ogres (D:8)
  An orc high priest (Bailey)
  A fire crab (Gauntlet)
  Pikel (D:5)
  2 elephants (Lair:4)
  A cane toad (Lair:5)
  A rime drake (Lair:3)
  2 komodo dragons
  2 polar bears (Lair:2)
  2 blink frogs (Lair:3)
  5 dream sheep (Lair:4)
  A slime creature (D:10)
  5 yaks
  A steam dragon (Lair:3)
  3 water moccasins
  8 orc warriors
  A sky beast (D:6)
  A black bear (D:8)
  A necrophage (D:7)
  An ogre (D:5)
  4 wolves
  4 centaurs
  A kobold brigand (D:8)
  2 scorpions (D:5)
  A gnoll sergeant (D:6)
  A water moccasin zombie (D:5)
  2 killer bees (D:8)
  2 wights (D:7)
  3 electric eels
  2 howler monkeys
  3 orc priests (D:9)
  A bullfrog skeleton (D:3)
  An iguana (D:6)
  3 orc wizards (D:9)
  5 gnolls
  3 adders
  An ufetubus (D:5)
  11 orcs
  A ball python (D:1)
  3 endoplasms
  2 goblins (Bailey)
  11 hobgoblins
  3 jackals
  8 kobolds
121 creatures vanquished.

Vanquished Creatures (others)
  Grum (D:9)
  A killer bee (D:8)
  An orc (Bailey)
  12 battlemagi
  8 fungi
  18 plants
41 creatures vanquished.

Grand Total: 360 creatures vanquished

Notes
Turn   | Place    | Note
-------+----------+-------------------------------------------
     0 | D:1      | Zonian the Octopode Transmuter began the quest for the Orb.
     0 | D:1      | Reached XP level 1. HP: 13/13 MP: 3/3
    98 | D:1      | Reached XP level 2. HP: 15/18 MP: 3/5
   178 | D:1      | Learned a level 1 spell: Magic Dart
   679 | D:1      | Found a faded altar of an unknown god.
   703 | D:1      | Became a worshipper of Hepliaklqana the Forgotten
   703 | D:1      | Reached * piety under Hepliaklqana
  1185 | D:1      | Reached XP level 3. HP: 20/20 MP: 4/6
  2207 | D:2      | Reached ** piety under Hepliaklqana
  2208 | D:2      | Remembered your ancestor MULCH as a battlemage
  2620 | D:3      | Found a glowing golden altar of the Shining One.
  2692 | D:3      | Reached skill level 1 in Conjurations
  2692 | D:3      | Reached XP level 4. HP: 9/25 MP: 5/7
  2932 | D:3      | Reached skill level 1 in Stealth
  3754 | D:4      | Reached XP level 5. HP: 26/29 MP: 8/8
  3759 | D:4      | Reached skill level 2 in Stealth
  3860 | D:4      | Noticed a +0 falchion
  3861 | D:4      | Noticed a +0 spear
  3861 | D:4      | Noticed a +0 falchion
  3863 | D:4      | Noticed a +0 spear
  3864 | D:4      | Noticed a +0 short sword
  3864 | D:4      | Noticed a +0 short sword
  3865 | D:4      | Noticed a +0 dagger
  3865 | D:4      | Noticed a +0 dagger
  3879 | D:4      | Found a hide-covered altar of Uskayaw.
  3920 | D:4      | Reached *** piety under Hepliaklqana
  4002 | D:4      | Noticed a black bear
  4005 | D:4      | Killed a black bear
  4006 | D:4      | Reached skill level 3 in Stealth
  4006 | D:4      | Reached XP level 6. HP: 34/34 MP: 9/9
  4012 | D:4      | Found a radiant altar of Vehumet.
  4012 | D:4      | Found a blossoming altar of Fedhas.
  4012 | D:4      | Found a stormy altar of Qazlal.
  4014 | D:4      | Found a hazy altar of Hepliaklqana.
  4148 | D:4      | Noticed Edmund
  4155 | D:4      | Killed Edmund
  4182 | D:4      | Found a runed translucent gate.
  4183 | D:4      | Found a runed translucent gate.
  4184 | D:4      | Found a runed translucent gate.
  4185 | D:4      | Noticed bande's ghost (amateur GrFi)
  4187 | D:4      | Noticed an orc warrior
  4188 | D:4      | Identified the +10 mace of the Screaming Scorpion {venom,
                  | rF- Int+5}
  4188 | D:4      | Identified the +2 leather armour of Zaecech {*Slow Str+3
                  | Dex+2 SInv}
  4353 | D:5      | Entered Level 5 of the Dungeon
  4354 | D:5      | Noticed a black bear
  4361 | D:5      | Killed a black bear
  4362 | D:5      | Reached skill level 4 in Stealth
  4362 | D:5      | Reached XP level 7. HP: 35/39 MP: 10/10
  4407 | D:5      | Reached skill level 1 in Short Blades
  4501 | D:5      | Reached skill level 5 in Stealth
  4593 | D:5      | Found a staircase to the Ecumenical Temple.
  4842 | D:5      | Reached XP level 8. HP: 38/45 MP: 12/12
  4845 | D:5      | Reached skill level 6 in Stealth
  4848 | D:5      | Learned a level 2 spell: Searing Ray
  4916 | D:5      | Noticed Blork the orc
  5286 | D:5      | Noticed Pikel
  5298 | D:5      | Killed Pikel
  5299 | D:5      | Reached skill level 7 in Stealth
  5490 | D:5      | Noticed Prince Ribbit
  5500 | D:5      | Killed Prince Ribbit
  5646 | D:5      | Reached skill level 8 in Stealth
  5646 | D:5      | Reached XP level 9. HP: 41/49 MP: 14/14
  5650 | D:5      | Killed Blork the orc
  6066 | D:6      | Reached skill level 5 in Conjurations
  6066 | D:6      | HP: 2/50 [gnoll/+0 spear (6)]
  6368 | D:6      | Learned a level 3 spell: Spider Form
  6688 | D:6      | Found an ornate altar of the Wu Jian Council.
  6783 | D:6      | Reached **** piety under Hepliaklqana
  6963 | D:7      | Reached skill level 1 in Poison Magic
  6967 | D:7      | Found a flagged portal.
  6977 | Bailey   | Entered a bailey
  7391 | Bailey   | Acquired the ring of the Open Hand {Will+ rCorr Int+6 Dex+2
                  | Stlth+}
  7636 | Bailey   | Found an iron altar of Okawaru.
  7636 | Bailey   | Noticed an orc high priest
  7636 | Bailey   | Noticed an orc high priest
  7646 | Bailey   | Noticed a red devil
  7701 | Bailey   | Noticed a sun demon
  7701 | Bailey   | Noticed an ice devil
  7712 | Bailey   | Noticed a red devil
  7928 | Bailey   | Killed an orc high priest
  7929 | Bailey   | Reached skill level 9 in Stealth
  7929 | Bailey   | Reached skill level 5 in Spellcasting
  7929 | Bailey   | Reached XP level 10. HP: 56/56 MP: 18/18
  8338 | Bailey   | Noticed a rust devil
  8339 | Bailey   | Killed an orc high priest
  8502 | Bailey   | Reached skill level 5 in Dodging
  8668 | Bailey   | Reached skill level 5 in Poison Magic
  8869 | D:7      | Identified the +1 robe "Geiv" {*Corrode rC+++ rN+ Stlth+}
  9895 | D:7      | Found a basalt altar of Yredelemnul.
  9931 | D:7      | Found a shimmering blue altar of Sif Muna.
 10491 | D:8      | Learned a level 5 spell: Iskenderun's Battlesphere
 10637 | D:8      | Noticed a two-headed ogre
 10639 | D:8      | Noticed a two-headed ogre
 10643 | D:8      | Killed a two-headed ogre
 10644 | D:8      | Reached skill level 5 in Unarmed Combat
 10644 | D:8      | Reached skill level 1 in Invocations
 10644 | D:8      | Reached XP level 11. HP: 61/61 MP: 21/21
 10985 | D:8      | Killed a two-headed ogre
 11181 | D:8      | Found an opulent altar of Gozag.
 11314 | D:8      | Noticed an eight-headed hydra
 11485 | D:8      | Found a burning altar of Makhleb.
 11553 | D:8      | Killed an eight-headed hydra
 11841 | D:8      | Reached ***** piety under Hepliaklqana
 11872 | D:8      | Acquired the ring "Irrimeaj" {Wiz rPois Dex+2}
 12366 | D:8      | Reached skill level 10 in Stealth
 12669 | D:8      | Noticed a two-headed ogre
 12674 | D:8      | Killed a two-headed ogre
 12902 | D:8      | Reached skill level 5 in Fighting
 13187 | D:9      | Noticed Grum
 13279 | D:9      | Found a staircase to the Orcish Mines.
 13300 | D:9      | Your ally died
 13865 | D:9      | Learned a level 4 spell: Iskenderun's Mystic Blast
 14260 | D:9      | Reached skill level 5 in Short Blades
 14338 | D:9      | Noticed Harold
 14352 | D:9      | Killed Harold
 14593 | D:10     | Entered Level 10 of the Dungeon
 14611 | D:10     | Reached skill level 5 in Transmutations
 14756 | D:10     | Noticed a manticore
 14757 | D:10     | Noticed a deep elf pyromancer
 14762 | D:10     | Killed a manticore
 14763 | D:10     | Reached XP level 12. HP: 69/69 MP: 22/22
 14765 | D:10     | Reached skill level 1 in Translocations
 15100 | D:10     | Found a staircase to the Lair.
 15128 | Lair:1   | Entered Level 1 of the Lair of Beasts
 15981 | Lair:2   | Found a staircase to the Shoals.
 16958 | Lair:2   | Learned a level 3 spell: Mephitic Cloud
 16993 | Lair:3   | Noticed a four-headed hydra
 17137 | Lair:3   | Noticed a four-headed hydra
 17145 | Lair:3   | Killed a four-headed hydra
 17146 | Lair:3   | Reached skill level 11 in Stealth
 17189 | Lair:3   | Killed a four-headed hydra
 17336 | Lair:3   | Found a staircase to the Snake Pit.
 17343 | Lair:3   | Reached XP level 13. HP: 76/76 MP: 24/24
 17875 | Lair:3   | Learned a level 5 spell: Hydra Form
 18970 | Lair:4   | Reached skill level 5 in Invocations
 19274 | Lair:4   | Found a sacrificial altar of Ru.
 20163 | Lair:5   | Found a gate leading to a gauntlet.
 20250 | Gauntlet | Entered a Gauntlet
 20250 | Gauntlet | Found a transporter.
 20250 | Gauntlet | Found a transporter.
 20273 | Gauntlet | Found a transporter.
 20274 | Gauntlet | Found a transporter.
 20274 | Gauntlet | Reached ****** piety under Hepliaklqana
 20278 | Gauntlet | Noticed a green death
 20283 | Gauntlet | Found a transporter.
 20287 | Gauntlet | Found a transporter.
 20289 | Gauntlet | Found a large runed translucent door.
 20290 | Gauntlet | Found a large runed translucent door.
 20291 | Gauntlet | Found a large runed translucent door.
 20291 | Gauntlet | Found a large runed translucent door.
 20291 | Gauntlet | Found a runed translucent door.
 20291 | Gauntlet | Found a runed translucent door.
 20292 | Gauntlet | Found a large runed translucent door.
 20293 | Gauntlet | Found a large runed translucent door.
 20294 | Gauntlet | Found a large runed translucent door.
 20294 | Gauntlet | Found a large runed translucent door.
 20295 | Gauntlet | Found a runed translucent gate.
 20295 | Gauntlet | Found a runed translucent gate.
 20295 | Gauntlet | Found a runed translucent gate.
 20297 | Gauntlet | Found a transporter.
 20308 | Gauntlet | Found a large runed translucent door.
 20309 | Gauntlet | Found a large runed translucent door.
 20310 | Gauntlet | Found a large runed translucent door.
 20319 | Gauntlet | Found a large runed translucent door.
 20320 | Gauntlet | Found a transporter.
 20320 | Gauntlet | Found a large runed translucent door.
 20320 | Gauntlet | Found a large runed translucent door.
 20339 | Gauntlet | Found a transporter.
 20339 | Gauntlet | Noticed a great orb of eyes
 20343 | Gauntlet | Found a transporter.
 20355 | Gauntlet | Found a transporter.
 20357 | Gauntlet | Found a transporter.
 20448 | Gauntlet | Found a large runed translucent door.
 20449 | Gauntlet | Found a large runed translucent door.
 20459 | Gauntlet | Noticed a cacodemon
 20581 | Gauntlet | Identified the ring "Otrynloug" {Will+ rCorr Str+4 Dex-5
                  | Stlth+}
 20602 | Gauntlet | HP: 2/79 [cacodemon (9)]
 20603 | Gauntlet | Slain by a cacodemon

Illustrated notes

Levels and vault maps discovered:
D:1:      elethiomel_arrival_shortcut, layout_loops_ring,
          hellmonk_ecumenical_altar_inner_sanctum
D:2:      layout_basic, nrook_loot_triangle, minivault_23, corexii_corridor_pit,
          hex_tiny
D:3:      layout_basic, pf_just_have_faith, hex_medium,
          kennysheep_big_empty_room
D:4:      layout_cave_pools, nicolae_uskayaw_en_pointe, minitemple,
          biasface_ghost_orc_armoury, uniq_edmund
D:5:      layout_basic, minmay_temple_entry_glassed_door, uniq_prince_ribbit1,
          uniq_pikel, uniq_blork_the_orc
D:6:      layout_loops_cross, nzn_wu_jian_council_hall, chequers_big_river,
          hangedman_abyss_or_decor_lesser_grid
D:7:      layout_cave_pods, nicolae_overflow_crystal_walls,
          general_overflow_altar, enter_bailey_2, minmay_unpleasant_kobolds
D:8:      cheibrodos_barr_body, layout_gridville, lemuel_tele_altar,
          nicolae_gozag_seed_capital, kennysheep_dice
D:9:      layout_basic, minmay_orc_entry_temple_small, uniq_harold, uniq_grum
D:10:     minmay_blocky_corners, layout_loops_corners, nicolae_ru_awakened_eye,
          nicolae_overflow_hidden_temple, dpeg_oklobed_lair, roderic_batcave
Lair:1:   layout_roguey, grunt_megastairs_3
Lair:2:   layout_layer_cave, minmay_shoals_entry_beasts,
          cheibrodos_lair_lostbears, grunt_megastairs_5, lemuel_fruit_tree
Lair:3:   layout_roguey, guppyfry_snake_entry_garden, minivault_11
Lair:4:   layout_hall_layers, lemuel_oklob_altar, infiniplex_staircase_pool,
          lemuel_fruit_fields
Lair:5:   layout_cellular_growth, gauntlet_entry_generic,
          ebering_ghost_disaster_area, nicolae_lair_grove_arrangements,
          disabler_island
Gauntlet: gammafunk_gauntlet_hard_choice
          [gammafunk_gauntlet_arena_split_diamond,
          gammafunk_gauntlet_arena_chambers, gammafunk_gauntlet_arena_corners,
          nicolae_gauntlet_arena_t_cross, gammafunk_gauntlet_arena_teeth,
          minmay_gauntlet_arena_make_your_own_arena,
          nicolae_gauntlet_exit_dead_adventurers]

Skill      XL: |  1  2  3  4  5  6  7  8  9 10 11 12 13 |
---------------+----------------------------------------+-----
Conjurations   | 1 2 3 4 6 7 8 9 |  9.0
Stealth        | 1 3 4 5 8 9 10 11 | 11.5
Unarmed Combat | 4 5 6 7 |  7.1
Dodging        | 3 4 5 6 7 |  7.1
Short Blades   | 1 2 3 4 5 6 |  6.4
Fighting       | 2 3 5 6 7 |  7.7
Transmutations | 3 4 5 6 |  6.3
Spellcasting   | 3 5 6 7 8 |  8.0
Poison Magic   | 3 5 6 7 8 |  8.1
Invocations    | 1 2 4 5 |  5.0
Translocations | 3 |  3.7
Evocations     | |  0.6

Action                   |  1- 3 |  4- 6 |  7- 9 | 10-12 | 13-15 || total
-------------------------+-------+-------+-------+-------+-------++-------
Melee: Unarmed           |    72 |     6 |       |       |       ||    78
       Kick              |     9 |     1 |     4 |    45 |    20 ||    79
       Constrict         |    16 |    12 |    16 |    37 |     7 ||    88
       Tentacles         |     9 |     5 |    19 |    60 |    20 ||   113
       Punch             |     2 |     1 |       |    11 |     5 ||    19
       Dagger            |       |    34 |    55 |   216 |    51 ||   356
       Scimitar          |       |       |       |     1 |       ||     1
 Fire: Hunting sling     |       |       |       |       |    10 ||    10
Throw: Boomerang         |       |       |       |       |     3 ||     3
       Throwing net      |       |       |       |       |     1 ||     1
 Cast: Beastly Appendage |     8 |     2 |     8 |    32 |     6 ||    56
       Magic Dart        |       |       |    81 |   158 |    13 ||   252
       Searing Ray       |       |       |       |    16 |     9 ||    25
       Spider Form       |       |       |       |     1 |       ||     1
       Iskenderun's Batt |       |       |       |     1 |       ||     1
       Iskenderun's Myst |       |       |       |       |     9 ||     9
Invok: Ancestor Life: Ba |     1 |       |       |       |       ||     1
       Recall Ancestor   |       |       |     1 |     1 |       ||     2
       Ancestor Identity |       |       |       |     1 |       ||     1
       Idealise          |       |       |       |       |     2 ||     2
Evoke: Wand              |       |       |     3 |     6 |       ||     9
  Use: Scroll            |       |     9 |     4 |     9 |     5 ||    27
       Potion            |       |       |     1 |     2 |     4 ||     7
 Stab: Sleeping          |     4 |     5 |     4 |    35 |     6 ||    54
       Distracted        |       |       |       |     1 |     2 ||     3
Armor: Skin              |     6 |     1 |     4 |    36 |    11 ||    58
Dodge: Dodged            |    34 |    24 |    50 |   170 |    58 ||   336
       Rpst.: Scimitar   |       |       |       |     1 |       ||     1

Table legend: (Time is in decaauts)
 A = Elapsed time spent in this place.
 B = Non-inter-level travel time spent in this place.
 C = Inter-level travel time spent in this place.
 D = Time resting spent in this place.
 E = Time spent auto-exploring this place.
 F = Levels seen in this place.
 G = Mean time per level.
                   A        B        C        D        E       F      G
               +--------+--------+--------+--------+--------+-----+--------+
         Total |  20530 |  20098 |    432 |   6987 |   9645 |  17 | 1207.6 |
       Dungeon |  13340 |  12955 |    385 |   4378 |   6704 |  10 | 1334.0 |
          Lair |   5098 |   5051 |     47 |   1512 |   2941 |   5 | 1019.6 |
        Bailey |   1741 |   1741 |      0 |   1037 |      0 |   1 | 1741.0 |
      Gauntlet |    349 |    349 |      0 |     60 |      0 |   1 |  349.0 |
               +--------+--------+--------+--------+--------+-----+--------+

Top non-repeatable levels by time:
     D:8: 2751 daAuts
  Lair:4: 1965 daAuts
     D:7: 1848 daAuts
  Bailey: 1741 daAuts
     D:5: 1641 daAuts
     D:1: 1462 daAuts
     D:9: 1279 daAuts
     D:3: 1277 daAuts
  Lair:2: 1216 daAuts
  Lair:3: 1182 daAuts
     D:2: 999 daAuts
     D:6: 945 daAuts
  Lair:1: 631 daAuts
     D:4: 608 daAuts
    D:10: 528 daAuts
